 Dungeon Crawl Stone Soup version 0.32-a0-172-gc5dd13f2a7 (webtiles) character file.

Game seed: 14194511775374738108

1358 Pooter the Cleaver (level 8, 0/70 HPs)
             Began as a Minotaur Berserker on Feb 12, 2024.
             Was a Believer of Trog.
             Succumbed to an orc's poison
             ... on level 5 of the Dungeon.
             The game lasted 00:24:41 (5251 turns).

Pooter the Cleaver (Minotaur Berserker)             Turns: 5251, Time: 00:24:42

Health: 0/70       AC:  9    Str: 23    XL:     8   Next: 37%
Magic:  7/7        EV:  9    Int:  4    God:    Trog [**....]
Gold:   189        SH:  0    Dex: 11    Spells: 7/7 levels left

rFire   . . .        a - +0 war axe
rCold   . . .        (no shield)
rNeg    . . .        j - +0 chain mail
rPois   .            (helmet restricted)
rElec   .            (no cloak)
rCorr   .            o - +0 pair of gloves
SInv    .            (no boots)
Will    ++...        g - amulet of the acrobat Stlth
                     (no ring)
HPRegen 1.31/turn    (no ring)
MPRegen 0.10/turn

%: acrobat
@: mighty, lethally poisoned (0 -> -22), strong-willed, regenerating
A: horns 2, retaliatory headbutt
a: Renounce Religion, Berserk, Trog's Hand


You were on level 5 of the Dungeon.
You worshipped Trog.
Trog was pleased with you.
You visited 1 branch of the dungeon, and saw 5 of its levels.
You also visited: Sewer.

You collected 189 gold pieces.

Inventory:

Hand Weapons
 a - a +0 war axe (weapon)
   (You took it off an orc on level 4 of the Dungeon)
 b - a +0 sling
   (You took it off a goblin on level 3 of the Dungeon)
 p - a +2 flail of protection
   (You took it off an orc on level 4 of the Dungeon)
 t - the +5 falchion "Bem Asuo" {flame, rF++ Will-}
   (You found it on level 4 of the Dungeon)

   rF++:      It greatly protects you from fire.
   Will-:     It decreases your willpower.
Missiles
 l - 11 poisoned darts (quivered)
 m - 6 boomerangs
 Q - 38 stones
Armour
 j - a +0 chain mail (worn)
   (You took it off an orc on level 3 of the Dungeon)
 o - a +0 pair of gloves (worn)
   (You found it on level 2 of the Dungeon)
Jewellery
 g - an amulet of the acrobat (around neck)
   (You found it on level 2 of the Dungeon)
Wands
 f - a wand of flame (42)
   (You took it off Ijyb on level 3 of the Dungeon)
 u - a wand of paralysis (11)
   (You found it on level 4 of the Dungeon)
 D - a wand of digging (3)
   (You found it on level 2 of the Dungeon)
Scrolls
 c - 3 scrolls of blinking
 d - 2 scrolls of revelation
 i - a scroll of immolation {unknown}
 s - a scroll of enchant weapon {unknown}
 v - a scroll of butterflies {unknown}
Potions
 e - a potion of might
 h - a potion of resistance {unknown}
 k - a potion of mutation {unknown}
 n - 2 potions of invisibility {unknown}
 q - a potion of heal wounds {unknown}
 r - 2 potions of curing {unknown}


   Skills:
 + Level 6.2 Fighting
 * Level 8.2 Axes
 * Level 1.8 Ranged Weapons
 - Level 3.6 Throwing
 - Level 2.4 Armour
 - Level 2.1 Dodging
 - Level 3.3 Stealth
 - Level 3.2 Evocations


You had 7 spell levels left.
You didn't know any spells.
Your spell library was empty.

Dungeon Overview and Level Annotations

Branches:
Dungeon (5/15) Zot: 25642  Temple (0/1) D:4           Sewer (visited)

Altars:

Portals:
Abyss: D:4


Innate Abilities, Weirdness & Mutations

You have a pair of horns on your head.
You reflexively headbutt those who attack you in melee.


Message History

The hound bites you but does no damage.
You miss the hound. Your headbutt misses the hound. The hound bites you.
The orc hits you but does no damage.
You are poisoned.
The hound bites you.
You closely miss the hound.
You feel sick. The orc hits you but does no damage.
The hound bites you but does no damage. The orc hits you but does no damage.
You are more poisoned.
You hit the hound. Your headbutt misses the hound.
You feel very sick.
The hound bites you but does no damage. x2
The orc hits you from afar with a +1 spear of venom.
You closely miss the hound.
You feel very sick. The hound bites you.
The orc hits you from afar with a +1 spear of venom.
You are more poisoned.
The hound bites you but does no damage.
You completely miss the hound.
You feel very sick. The hound barely misses you. You furiously retaliate!
You headbutt the hound.
You kill the hound!
Trog accepts your kill.
The orc hits you from afar with a +1 spear of venom.
You are more poisoned.
You are too injured to fight recklessly!
You are too injured to fight recklessly!
Unknown command.
Your skin crawls.
You feel strong-willed.
You feel extremely sick. The orc hits you but does no damage.
You are more poisoned.
You feel extremely sick. The orc closely misses you.
You see here a hound corpse.
You hit the orc.
You feel very sick.
The orc hits you with a +1 spear of venom.
* * * LOW HITPOINT WARNING * * *
You are lethally poisoned!
You hit the orc.
* * * LOW HITPOINT WARNING * * *
You feel extremely sick.
The orc hits you with a +1 spear of venom.
* * * LOW HITPOINT WARNING * * *
You are more poisoned.
It was a potion of might.
You feel very mighty all of a sudden.
You die...

#.#.# ### ##...#
..# #.##.†... #.#
#........ #.#
####....< #.#
##...# #.# ##.##
#o# #..# #@# ##.#
#.# #.# #.# #.#
#.# #.# #.# #.#
#.# #..
#.##############..
#.)...............
##################


You could see an orc.

Vanquished Creatures
  Sigmund (D:3)
  2 small abominations (D:4)
  A centaur (D:5)
  The ghost of Azoth the Shooter, an amateur KoHu (D:4)
  2 brain worms (Sewer)
  A kobold brigand (Sewer)
  A scorpion (D:4)
  A crimson imp (D:4)
  A hound (D:5)
  A bombardier beetle (D:5)
  An orc priest (D:4)
  An iguana (D:4)
  Ijyb (D:3)
  An orc wizard (D:4)
  13 gnolls
  15 adders
  A river rat (Sewer)
  A ribbon worm (D:2)
  11 orcs
  5 bats
  9 endoplasms
  A giant cockroach (D:4)
  9 goblins
  7 hobgoblins
  5 jackals
  7 kobolds
  A quokka (D:2)
  6 ball pythons
  4 frilled lizards
  5 rats
116 creatures vanquished.

Notes
Turn   | Place    | Note
-------+----------+-------------------------------------------
     0 | D:1      | Pooter the Minotaur Berserker began the quest for the Orb.
     0 | D:1      | Reached XP level 1. HP: 19/19 MP: 0/0
   168 | D:1      | Reached XP level 2. HP: 12/27 MP: 1/1
   326 | D:1      | Reached skill level 4 in Axes
  1065 | D:2      | Reached XP level 3. HP: 33/33 MP: 2/2
  1437 | D:3      | Reached ** piety under Trog
  1530 | D:3      | Reached skill level 1 in Throwing
  1557 | D:3      | Reached skill level 1 in Stealth
  1689 | D:3      | Reached skill level 1 in Evocations
  1689 | D:3      | Reached XP level 4. HP: 30/40 MP: 3/3
  1982 | D:3      | Noticed Sigmund
  2045 | D:3      | Killed Sigmund
  2046 | D:3      | Reached skill level 5 in Axes
  2046 | D:3      | Reached XP level 5. HP: 47/47 MP: 4/4
  2116 | D:3      | Reached XP level 6. HP: 53/53 MP: 5/5
  2306 | D:3      | Noticed Ijyb
  2312 | D:3      | Killed Ijyb
  2560 | D:4      | Found a glowing drain.
  2569 | D:4      | Reached skill level 6 in Axes
  2608 | Sewer    | Entered a sewer
  2622 | Sewer    | Reached skill level 5 in Fighting
  2965 | Sewer    | Reached XP level 7. HP: 52/61 MP: 2/6
  3638 | D:4      | Found a one-way gate to the infinite horrors of the Abyss.
  3645 | D:4      | Found a staircase to the Ecumenical Temple.
  3648 | D:4      | Noticed Azoth's ghost (amateur KoHu)
  3707 | D:4      | Found a transporter.
  3738 | D:4      | Reached skill level 7 in Axes
  4271 | D:4      | Identified the +5 falchion "Bem Asuo" {flame, rF++ Will-}
  4335 | D:4      | Noticed a small abomination
  4341 | D:4      | Found a transporter.
  4909 | D:4      | Killed Azoth's ghost
  4910 | D:4      | Killed a small abomination
  4911 | D:4      | Reached XP level 8. HP: 70/70 MP: 7/7
  4997 | D:5      | Entered Level 5 of the Dungeon
  5167 | D:5      | Reached skill level 1 in Ranged Weapons
  5214 | D:5      | Reached skill level 8 in Axes
  5251 | D:5      | Succumbed to an orc's poison

Illustrated notes

Levels and vault maps discovered:
D:1:      pf_arrival_petrified_forest, layout_basic, serial_aquarium,
          aquarium_bridge_straight [aquarium_subvault_bridge,
          aquarium_subvault_wall, aquarium_subvault_bridge,
          aquarium_subvault_window], aquarium_bridge_straight
          [aquarium_subvault_bridge, aquarium_subvault_wall,
          aquarium_subvault_bridge, aquarium_subvault_balcony],
          aquarium_window_corner, aquarium_window_1, aquarium_window_fake,
          aquarium_view_2e, aquarium_view_2d, aquarium_balcony_1b,
          minmay_misc_feat_rugged
D:2:      layout_basic, minmay_misc_feat_tiny
D:3:      layout_basic, hangedman_decor_diamond_cutter, uniq_ijyb, uniq_sigmund
D:4:      layout_basic, minmay_temple_entry_statues_fountains,
          gammafunk_ghost_abyssal_escape, gup_sewer_entry_glass,
          minmay_splitting_lines, st_stairs_12, minmay_starry_boxes
D:5:      layout_loops_ring, minmay_overflow_temple_hex

Skill      XL: |  1  2  3  4  5  6  7  8 |
---------------+-------------------------+-----
Axes           | 4 5 6 7 8 |  8.2
Throwing       | 1 2 3 |  3.6
Stealth        | 1 2 3 |  3.3
Fighting       | 4 5 6 |  6.2
Evocations     | 1 2 3 |  3.2
Ranged Weapons | 1 |  1.8
Armour         | |  2.4
Dodging        | |  2.1

Action                     |  1- 3 |  4- 6 |  7- 9 || total
---------------------------+-------+-------+-------++-------
  Melee: Hand axe          |   102 |    81 |    83 ||   266
         Headbutt          |    10 |    11 |    20 ||    41
         War axe           |       |       |    54 ||    54
   Fire: Sling             |       |    28 |     7 ||    35
  Throw: Boomerang         |    18 |     5 |       ||    23
         Dart              |       |       |    11 ||    11
 Invoke: Berserk           |     1 |     4 |     5 ||    10
         Trog's Hand       |       |     2 |     5 ||     7
  Evoke: Wand              |       |       |     2 ||     2
    Use: Scroll            |       |     2 |     1 ||     3
         Potion            |       |       |     1 ||     1
 Armour: Animal skin       |    23 |       |       ||    23
         Ring mail         |     2 |       |       ||     2
         Chain mail        |    23 |    70 |    93 ||   186
         Scale mail        |    10 |       |       ||    10
  Dodge: Dodged            |    59 |    57 |    53 ||   169

Table legend: (Time is in decaauts)
 A = Elapsed time spent in this place.
 B = Non-inter-level travel time spent in this place.
 C = Inter-level travel time spent in this place.
 D = Time resting spent in this place.
 E = Time spent auto-exploring this place.
 F = Levels seen in this place.
 G = Mean time per level.
                   A        B        C        D        E       F      G
               +--------+--------+--------+--------+--------+-----+--------+
         Total |   5531 |   5432 |     99 |   1052 |   3167 |   6 |  921.8 |
       Dungeon |   4357 |   4258 |     99 |    803 |   2570 |   5 |  871.4 |
         Sewer |   1174 |   1174 |      0 |    249 |    597 |   1 | 1174.0 |
               +--------+--------+--------+--------+--------+-----+--------+

Top non-repeatable levels by time:
     D:4: 1634 daAuts
   Sewer: 1174 daAuts
     D:3: 957 daAuts
     D:2: 804 daAuts
     D:1: 699 daAuts
     D:5: 261 daAuts
